 Dungeon Crawl Stone Soup version 0.28-a0-909-g796cbd3a86 (webtiles) character file.

Game seed: 5524744494972704910

6703 Zonian the Cudgeller (level 10, -12/71 HPs)
             Began as a Demonspawn Gladiator on Nov 25, 2021.
             Was a Priest of Cheibriados.
             Mangled by a boulder beetle (51 damage)
             ... on level 2 of the Lair of Beasts.
             The game lasted 00:27:54 (13052 turns).

Zonian the Cudgeller (Demonspawn Gladiator)        Turns: 13052, Time: 00:27:55

Health: -12/71     AC:  8    Str: 23    XL:     10   Next: 74%
Magic:  9/15       EV: 16    Int: 20    God:    Cheibriados [***...]
Gold:   402        SH: 10    Dex: 29    Spells: 9/15 levels left

rFire   . . .      SeeInvis .   v - +3 whip (elec)
rCold   . . .      Faith    .   I - +0 buckler
rNeg    . . .      Spirit   .   b - +0 leather armour
rPois   +          Reflect  .   c - +1 helmet
rElec   .          Harm     .   d - +0 cloak {rPois}
rCorr   .          Rampage  .   (no gloves)
Will    +....                   (no boots)
Stlth   +++.......              (no amulet)
HPRegen 0.21/turn               j - +6 ring of dexterity
MPRegen 0.14/turn               h - ring of willpower

@: very slightly contaminated, studying Earth Magic, very slow
A: molten scales 1, condensation shield, demonic magic 2, demonic touch 2
a: Renounce Religion, Bend Time, Temporal Distortion


You were on level 2 of the Lair of Beasts.
You worshipped Cheibriados.
Cheibriados was most pleased with you.
You visited 2 branches of the dungeon, and saw 10 of its levels.

You collected 738 gold pieces.
You spent 336 gold pieces at shops.

Inventory:

Hand Weapons
 a - a +0 trident
 g - a +0 hunting sling
 l - a +2 dagger of pain
 q - a +1 whip of venom
 v - a +3 whip of electrocution (weapon)
 C - a +2 falchion of flaming
Missiles
 f - 49 sling bullets
 i - 4 silver javelins
 z - 3 boomerangs (quivered)
 J - 19 poisoned darts
Armour
 b - a +0 leather armour (worn)
 c - a +1 helmet (worn)
 d - a +0 cloak of poison resistance (worn)
 t - a +0 cloak
 I - a +0 buckler (worn)
Jewellery
 h - a ring of willpower (right hand)
 j - a +6 ring of dexterity (left hand)
 o - a ring of poison resistance
 w - an amulet of faith
 y - a +4 ring of protection
 E - a ring of magical power
 M - a +4 ring of protection
Wands
 s - a wand of charming (16)
 x - a wand of flame (20)
 B - a wand of polymorph (17)
 D - a wand of iceblast (15)
 F - a wand of mindburst (24)
 N - a wand of acid (17)
Scrolls
 m - a scroll of amnesia
 n - 3 scrolls of magic mapping
Potions
 e - 2 potions of haste {unknown}
 k - a potion of resistance
 p - a potion of flight
 r - 2 potions of brilliance {unknown}
 u - 4 potions of curing
 A - a potion of might
 G - 4 potions of magic
 H - 3 potions of lignification {unknown}
 K - a potion of degeneration {unknown}


   Skills:
 + Level 4.1 Fighting
 * Level 7.7 Maces & Flails
 - Level 4.1 Polearms
 - Level 2.0 Throwing
 - Level 3.4 Armour
 + Level 5.3 Dodging
 + Level 3.9 Stealth
 + Level 1.8 Shields
 * Level 3.4 Spellcasting
 * Level 3.7 Conjurations
 * Level 3.0 Air Magic
 * Level 2.8 Earth Magic
 * Level 3.8 Poison Magic
 * Level 7.2 Invocations
 * Level 2.1 Evocations


You had 9 spell levels left.
You knew the following spells:

 Your Spells              Type           Power      Damage    Failure   Level
a - Mephitic Cloud        Conj/Pois/Air  17%        N/A       14%         3
b - Stone Arrow           Conj/Erth      32%        3d9       16%         3

Your spell library contained the following spells:

 Spells                   Type           Power      Damage    Failure   Level
 Static Discharge         Conj/Air       17%        N/A       8%          2
 Passwall                 Tmut/Erth      7%         N/A       17%         2
 Swiftness                Air            15%        N/A       17%         3
 Beastly Appendage        Tmut           6%         N/A       21%         1
 Spider Form              Tmut/Pois      11%        N/A       28%         3
 Scorch                   Fire           6%         2d5       30%         2
 Wereblood                Tmut           3%         N/A       30%         2
 Ignite Poison            Fire/Tmut/Pois 8%         N/A       36%         3
 Flame Wave               Conj/Fire      11%        3d4       67%         4
 Animate Armour           Summ/Erth      18%        N/A       75%         4
 Lightning Bolt           Conj/Air       8%         1d21      80%         5
 Freezing Cloud           Conj/Ice/Air   6%         6-21      92%         5
 Summon Cactus Giant      Summ           1%         N/A       100%        6
 Lehudib's Crystal Spear  Conj/Erth      8%         10d3      100%        8
 Maxwell's Capacitive Co  Air            7%         ∞         100%        8


Dungeon Overview and Level Annotations

Branches:
Dungeon (8/15)             Temple (0/1) D:5            Lair (2/6) D:8
  Swamp: Lair:2-4    Shoals: Lair:2-4     Snake: Lair:2-4    Spider: Lair:2-4

Altars:
Cheibriados
Elyvilon
Trog
Wu Jian
Yredelemnul

Shops:
D:2 :   D:5 :   D:8 *

Annotations:
D:8 2 transporters, Aethergoof's ghost, novice DgGl


Innate Abilities, Weirdness & Mutations

You are partially covered in molten scales. (AC +2)
A meltable shield of frost defends you. (SH +4)
Spells you cast may paralyse nearby enemies.
Your touch may inflict irresistible damage on your foes.


Message History

The komodo dragon is severely wounded.
You block the komodo dragon's attack.
You hit the komodo dragon.
Lightning courses through the komodo dragon!!
You kill the komodo dragon!
Cheibriados appreciates the change of pace.
Unknown command.
You start resting.
A water moccasin comes into view.
A water moccasin is nearby!
A water moccasin is nearby!
A water moccasin is nearby!
Unknown command.
The boulder beetle curls into a ball and begins rolling!
Okay, then.
Okay, then.
Okay, then.
Casting: Mephitic Cloud (dangerous; 14% risk of failure)
Confirm with . or Enter, or press ? or * to list all spells.
You can't see any susceptible monsters within range! (Use Z to cast anyway.) Unknown command.
Casting: Mephitic Cloud (dangerous; 14% risk of failure)
Confirm with . or Enter, or press ? or * to list all spells.
Aiming: Mephitic Cloud (dangerous; 14% risk of failure)
Press: ? - help, Shift-Dir - straight line The ball explodes into a vile cloud!
The stinking cloud engulfs the boulder beetle but does no damage.
Malevolent energies surge around you.
You hear an angry hiss. x2
The boulder beetle is engulfed in noxious fumes.
Casting: Mephitic Cloud (dangerous; 14% risk of failure)
Confirm with . or Enter, or press ? or * to list all spells.
Aiming: Mephitic Cloud (dangerous; 14% risk of failure)
Press: ? - help, Shift-Dir - straight line, f - boulder beetle
Aim: a boulder beetle (rolling, chance to affect: 43%)
You miscast Mephitic Cloud.
You are very lightly contaminated with residual magic.
Nothing appears to happen.
The boulder beetle hits you!!!
Ouch! That really hurt!
You die...

....#....##....##
.......†##.†....#
.#....(.....†..P#
......###...#..###
.###.. #...##...#
...#..##.###...##
......F.## #..##
....#.P.#.##...#
.. #.....○B@.#
##...○#..##
#.○○......
..○○○☼.......
#...○.○..#.....#
.####..#.....##.
##......P#
###.....#


You could see a boulder beetle (rolling) and a cane toad.

Vanquished Creatures
  A black mamba (Lair:1)
  3 cane toads
  A rime drake (Lair:1)
  A komodo dragon (Lair:2)
  Sigmund (D:4)
  2 wyverns
  5 yaks (Lair:1)
  2 basilisks (Lair:1)
  A steam dragon (D:7)
  3 water moccasins
  2 sky beasts
  3 orc warriors
  A necrophage (D:6)
  3 black bears
  2 ogres
  2 centaurs
  4 kobold brigands
  4 bullfrogs
  2 scorpions (D:4)
  Dowan (D:4)
  7 killer bees
  A howler monkey (D:4)
  An electric eel (Lair:1)
  Crazy Yiuf (D:4)
  2 orc priests
  2 centaur skeletons (D:5)
  6 hounds
  A bullfrog skeleton (D:6)
  A gnoll shaman (D:6)
  An iguana (D:5)
  3 orc wizards (D:5)
  12 gnolls
  6 adders
  A white imp (D:6)
  An adder skeleton (D:5)
  3 worms
  2 dart slugs
  13 orcs
  7 ball pythons
  8 bats
  6 endoplasms
  6 giant cockroaches
  11 goblins
  12 hobgoblins
  15 jackals
  2 quokkas (D:1)
  2 frilled lizards (D:2)
  17 kobolds
  6 rats
200 creatures vanquished.

Vanquished Creatures (collateral kills)
  Duvessa (D:4)
  A bullfrog (D:7)
  A bullfrog zombie (D:7)
  An orc (D:7)
4 creatures vanquished.

Vanquished Creatures (others)
  10 fungi
  19 plants
29 creatures vanquished.

Grand Total: 233 creatures vanquished

Notes
Turn   | Place    | Note
-------+----------+-------------------------------------------
     0 | D:1      | Zonian the Demonspawn Gladiator began the quest for the
                  | Orb.
     0 | D:1      | Reached XP level 1. HP: 16/16 MP: 1/1
   312 | D:1      | Gained mutation: You are partially covered in molten
                  | scales. (AC +2) [demonic ancestry]
   312 | D:1      | Reached XP level 2. HP: 17/22 MP: 2/2
  1071 | D:1      | Reached XP level 3. HP: 27/27 MP: 3/3
  1317 | D:2      | Found a snail-covered altar of Cheibriados.
  1335 | D:2      | Became a worshipper of Cheibriados the Contemplative
  1393 | D:2      | Reached skill level 1 in Armour
  2310 | D:2      | Gained mutation: Spells you cast may paralyse adjacent
                  | enemies. [demonic ancestry]
  2310 | D:2      | Reached XP level 4. HP: 33/34 MP: 4/4
  2335 | D:2      | Reached * piety under Cheibriados
  2418 | D:2      | Found Xiabeapi's Book Shop.
  2549 | D:2      | Reached skill level 1 in Invocations
  3444 | D:3      | Reached XP level 5. HP: 38/39 MP: 6/6
  3581 | D:3      | Reached ** piety under Cheibriados
  4280 | D:3      | Found a faded altar of an unknown god.
  4476 | D:4      | Noticed Sigmund
  4553 | D:4      | Noticed Dowan
  4558 | D:4      | Noticed Duvessa
  4609 | D:4      | Noticed a black bear
  4627 | D:3      | Killed a black bear
  4628 | D:3      | Reached skill level 1 in Maces & Flails
  4628 | D:3      | Reached skill level 1 in Stealth
  4628 | D:3      | Reached XP level 6. HP: 38/46 MP: 7/7
  4923 | D:4      | Killed Sigmund
  4924 | D:4      | Gained mutation: Your touch may inflict minor irresistible
                  | damage on your foes. [demonic ancestry]
  4924 | D:4      | Reached XP level 7. HP: 45/51 MP: 9/9
  5027 | D:4      | Found an ornate altar of the Wu Jian Council.
  5082 | D:4      | Killed Duvessa
  5102 | D:4      | Killed Dowan
  5231 | D:4      | Found a runed translucent door.
  5232 | D:4      | Noticed Crazy Yiuf
  5342 | D:4      | Killed Crazy Yiuf
  5437 | D:5      | Entered Level 5 of the Dungeon
  5592 | D:5      | Reached *** piety under Cheibriados
  5612 | D:5      | Found a staircase to the Ecumenical Temple.
  5750 | D:5      | Gained mutation: Your touch may inflict irresistible damage
                  | on your foes. [demonic ancestry]
  5750 | D:5      | Reached XP level 8. HP: 30/58 MP: 9/11
  5939 | D:5      | Found Yxiac's Book Emporium.
  6840 | D:6      | Reached skill level 5 in Maces & Flails
  7024 | D:2      | Bought a Trismegistus Codex for 336 gold pieces
  7028 | D:2      | Learned a level 3 spell: Mephitic Cloud
  7333 | D:6      | Reached skill level 1 in Poison Magic
  7467 | D:6      | Reached **** piety under Cheibriados
  7483 | D:6      | Reached skill level 1 in Conjurations
  7582 | D:6      | Reached skill level 1 in Spellcasting
  7582 | D:6      | Reached skill level 1 in Air Magic
  7612 | D:6      | Gained mutation: A meltable shield of frost defends you.
                  | (SH +4) [demonic ancestry]
  7612 | D:6      | Reached XP level 9. HP: 55/64 MP: 12/12
  7672 | D:6      | Reached skill level 5 in Invocations
  8010 | D:7      | Found a basalt altar of Yredelemnul.
  9512 | D:8      | Reached skill level 5 in Dodging
  9639 | D:8      | Found Reliuc's General Store.
  9668 | D:8      | Noticed a two-headed ogre
 10034 | D:8      | Found a transporter.
 10043 | D:8      | Noticed Aethergoof's ghost (novice DgGl)
 10044 | D:8      | Noticed a moth of wrath
 10045 | D:8      | Noticed a two-headed ogre
 10051 | D:8      | Found a transporter.
 10052 | D:8      | Found a bloodstained altar of Trog.
 10161 | D:8      | Found a staircase to the Lair.
 10170 | Lair:1   | Entered Level 1 of the Lair of Beasts
 10177 | Lair:1   | Identified a scroll of acquirement
 10177 | Lair:1   | Acquired a manual of Earth Magic
 10183 | Lair:1   | Learned a level 3 spell: Stone Arrow
 10223 | Lair:1   | Noticed a cane toad
 10237 | Lair:1   | HP: 3/65 [cane toad (18)]
 10242 | Lair:1   | Killed a cane toad
 10485 | Lair:1   | Gained mutation: Spells you cast may paralyse nearby
                  | enemies. [demonic ancestry]
 10485 | Lair:1   | Reached XP level 10. HP: 71/71 MP: 11/14
 10518 | Lair:1   | Noticed a cane toad
 10539 | Lair:1   | Killed a cane toad
 10540 | Lair:1   | Reached skill level 1 in Shields
 10540 | Lair:1   | Reached skill level 1 in Earth Magic
 10551 | Lair:1   | Reached skill level 1 in Evocations
 10931 | Lair:1   | Noticed a black mamba
 10941 | Lair:1   | Noticed a black mamba
 10956 | Lair:1   | Killed a black mamba
 12556 | Lair:2   | Noticed a cane toad
 12557 | Lair:2   | Noticed a boulder beetle
 12558 | Lair:2   | Noticed an elephant
 12558 | Lair:2   | Noticed an elephant
 12561 | Lair:2   | Noticed an elephant
 12562 | Lair:2   | Noticed an elephant
 12564 | Lair:2   | HP: 3/71 [black bear (3)]
 13004 | Lair:2   | Noticed a cane toad
 13005 | Lair:2   | Noticed a cane toad
 13021 | Lair:2   | Killed a cane toad
 13052 | Lair:2   | Mangled by a boulder beetle

Illustrated notes

Levels and vault maps discovered:
D:1:      amcnicky_arrival_gap_in_the_tavern_cellar, layout_basic,
          chequers_mini_garden, minmay_misc_feat_doors,
          chequers_serial_rivers_micro_c
D:2:      layout_basic, serial_shops, nicolae_shop_crystal, basic_altar,
          minmay_misc_feat_room
D:3:      cheibrodos_greedy_goblins, layout_basic,
          hellmonk_ecumenical_altar_inner_sanctum
D:4:      layout_rooms, nicolae_overflow_hidden_temple,
          mainiacjoe_overflow_paths, uniq_duvessa, uniq_sigmund,
          uniq_crazy_yiuf_cottage
D:5:      layout_gridville, minmay_temple_entry_mist, serial_shops,
          nicolae_take_the_stairs
D:6:      layout_basic
D:7:      layout_rooms, lemuel_doored_altar
D:8:      layout_basic, lair_entry_dummy, gammafunk_ghost_wrathful_warriors,
          grunt_decor_cap, st_stairs_5, nicolae_stop_n_shop_2
Lair:1:   layout_regular_city, serial_bayou_lagoon_b
Lair:2:   layout_misc_corridors, serial_bayou_lagoon_a, beast_lair_carwin_9

Skill      XL: |  1  2  3  4  5  6  7  8  9 10 |
---------------+-------------------------------+-----
Polearms       | 3 4 |  4.1
Dodging        | 3 4 5 |  5.3
Armour         | 1 2 3 |  3.4
Invocations    | 1 2 3 4 6 7 |  7.2
Maces & Flails | 1 2 4 5 7 |  7.7
Stealth        | 1 2 3 |  3.9
Fighting       | 3 4 |  4.1
Throwing       | 2 |  2.0
Poison Magic   | 1 3 |  3.8
Conjurations   | 1 3 |  3.7
Spellcasting   | 1 2 3 |  3.4
Air Magic      | 1 2 3 |  3.0
Shields        | 1 |  1.8
Earth Magic    | 2 |  2.8
Evocations     | 2 |  2.1

Action                   |  1- 3 |  4- 6 |  7- 9 | 10-12 || total
-------------------------+-------+-------+-------+-------++-------
Melee: Trident           |   141 |   105 |       |       ||   246
       Whip              |       |    82 |   306 |   138 ||   526
       Touch             |       |       |    53 |       ||    53
Throw: Throwing net      |       |     5 |     1 |       ||     6
       Boomerang         |       |       |     1 |       ||     1
 Cast: Mephitic Cloud    |       |       |     1 |     1 ||     2
Invok: Bend Time         |       |       |     8 |     3 ||    11
       Temporal Distorti |       |       |     1 |     3 ||     4
Evoke: Wand              |       |       |     2 |     4 ||     6
  Use: Scroll            |     4 |     4 |    12 |       ||    20
       Potion            |       |     2 |     3 |       ||     5
 Stab: Sleeping          |     1 |     7 |     8 |     2 ||    18
       Held in net/web   |       |     1 |     1 |       ||     2
Armor: Leather armour    |    61 |    68 |    75 |    12 ||   216
Dodge: Dodged            |    79 |   153 |   206 |    69 ||   507
Block: Buckler           |       |       |    23 |    43 ||    66
       Other             |       |       |    22 |       ||    22

Table legend: (Time is in decaauts)
 A = Elapsed time spent in this place.
 B = Non-inter-level travel time spent in this place.
 C = Inter-level travel time spent in this place.
 D = Time resting spent in this place.
 E = Time spent auto-exploring this place.
 F = Levels seen in this place.
 G = Mean time per level.
                   A        B        C        D        E       F      G
               +--------+--------+--------+--------+--------+-----+--------+
         Total |  15774 |  15270 |    504 |   5067 |   7030 |  10 | 1577.4 |
       Dungeon |  12350 |  11846 |    504 |   3316 |   6157 |   8 | 1543.8 |
          Lair |   3424 |   3424 |      0 |   1750 |    872 |   2 | 1712.0 |
               +--------+--------+--------+--------+--------+-----+--------+

Top non-repeatable levels by time:
  Lair:1: 3310 daAuts
     D:3: 2100 daAuts
     D:1: 1889 daAuts
     D:5: 1876 daAuts
     D:6: 1637 daAuts
     D:7: 1607 daAuts
     D:2: 1405 daAuts
     D:4: 1167 daAuts
     D:8: 666 daAuts
  Lair:2: 114 daAuts
